 Dungeon Crawl Stone Soup version 0.30-a0-313-gae38170b09 (webtiles) character file.

Game seed: 1775800365271757438

107 KennySheep the Conjurer (level 4, -4/33 HPs)
             Began as a Demigod Conjurer on Oct 26, 2022.
             Slain by a steam dragon (5 damage)
             ... on level 4 of the Dungeon.
             The game lasted 00:05:15 (2169 turns).

KennySheep the Conjurer (Demigod Conjurer)          Turns: 2169, Time: 00:05:16

Health: -4/33      AC:  2    Str:  8    XL:     4   Next: 32%
Magic:  3/10       EV: 12    Int: 24    God:
Gold:   68         SH:  0    Dex: 18    Spells: 0/7 levels left

rFire   . . .      SeeInvis .    (no weapon)
rCold   . . .      Faith    .    (no shield)
rNeg    . . .      Spirit   .    a - +0 robe
rPois   .          Reflect  .    (no helmet)
rElec   .          Harm     .    (no cloak)
rCorr   .          Rampage  .    (no gloves)
Will    +....                    (no boots)
Stlth   ++........               (no amulet)
HPRegen 0.25/turn                e - +6 ring of dexterity
MPRegen 0.12/turn                k - ring of willpower

@: no status effects
A: high MP 1, forlorn, divine attributes
a: no special abilities


You were on level 4 of the Dungeon.
You visited 1 branch of the dungeon, and saw 3 of its levels.

You collected 68 gold pieces.

Inventory:

Armour
 a - a +0 robe (worn)
Jewellery
 e - a +6 ring of dexterity (left hand)
 k - a ring of willpower (right hand)
Scrolls
 b - a scroll of butterflies {unknown}
 c - a scroll of poison {unknown}
 d - a scroll of amnesia {unknown}
 g - a scroll of blinking {unknown}
 i - a scroll of teleportation {unknown}
Potions
 f - a potion of lignification {unknown}
 h - a potion of heal wounds {unknown}
 j - 2 potions of mutation {unknown}


   Skills:
 - Level 1.7 Dodging
 - Level 1.7 Stealth
 + Level 2.3 Spellcasting
 * Level 4.4 Conjurations
 * Level 2.3 Translocations


You couldn't memorise any spells.
You knew the following spells:

 Your Spells              Type           Power      Damage    Failure   Level
a - Magic Dart            Conj           96%        1d7       1%          1
b - Searing Ray           Conj           48%        2d6       2%          2
c - Iskenderun's Mystic   Conj/Tloc      19%        2d6       28%         4

Your spell library contained the following spells:

 Spells                   Type           Power      Damage    Failure   Level
 Dazzling Flash           Conj/Hex       26%        N/A       14%         3
 Fulminant Prism          Conj/Hex       6%         3d7       43%         4


Dungeon Overview and Level Annotations

Branches:
Dungeon (2/15)

Annotations:
D:2 Jessica, Natasha


Innate Abilities, Weirdness & Mutations

You have an increased reservoir of magic. (+10% MP)
You shall have no god before yourself.
Your divine heritage dramatically boosts your attributes as you level up.


Message History

HP restored.
You start resting.
A steam dragon comes into view.
An adder comes into view.
The adder hisses angrily.
Casting: Searing Ray (safe; 3% risk of failure)
Confirm with . or Enter, or press ? or * to list all spells.
Aiming: Searing Ray (safe; 3% risk of failure)
Press: ? - help, Shift-Dir - straight line, f - adder
Aim: an adder (63% to hit)
The searing ray hits the adder!
The adder is severely wounded. (Press . to maintain the ray.)
The searing ray hits the adder.
You kill the adder!
You start resting.
A steam dragon is nearby!
The steam dragon hisses angrily.
Casting: Searing Ray (safe; 2% risk of failure)
Confirm with . or Enter, or press ? or * to list all spells.
Aiming: Searing Ray (safe; 2% risk of failure)
Press: ? - help, Shift-Dir - straight line, f - steam dragon
Aim: a steam dragon (79% to hit)
The searing ray hits the steam dragon!
The steam dragon is moderately wounded. (Press . to maintain the ray.)
The steam dragon breathes steam at you. The ball of steam hits you.
You are engulfed in a cloud of scalding steam.
The searing ray hits the steam dragon.
The steam dragon is heavily wounded.
You are engulfed in a cloud of scalding steam.
* * * LOW HITPOINT WARNING * * *
The searing ray hits the steam dragon.
The steam dragon is severely wounded.
You finish channelling your searing ray.
You are engulfed in a cloud of scalding steam.
* * * LOW HITPOINT WARNING * * *
The steam dragon barely misses you. The steam dragon claws you.
You die...

#... ..........
....#..........
.........#...# .. ##
#........)..# ... #..
#...#.....# ....
...##....)...§# ##..#
..D... #.##§.###...#
#....##.##§D......#
.. #....#....#@§..#
..#
#...#.).####.§§##...#
#......## #.§.§....#
#..###.)# ##§.§...##
... ##)# #..§....# .
#.####.....#....
#..##.....## ##.
##.#......#
#.......##


You could see a steam dragon (catching breath).

Vanquished Creatures
  Natasha (D:2)
  An adder (D:4)
  A worm (D:2)
  2 dart slugs (D:1)
  5 orcs (D:4)
  5 endoplasms
  2 giant cockroaches (D:1)
  6 goblins
  5 hobgoblins
  7 jackals (D:2)
  2 quokkas (D:1)
  2 ball pythons (D:1)
  5 bats
  3 frilled lizards
  5 kobolds (D:2)
  4 rats
56 creatures vanquished.

Vanquished Creatures (others)
  4 plants (D:2)
4 creatures vanquished.

Grand Total: 60 creatures vanquished

Notes
Turn   | Place    | Note
-------+----------+-------------------------------------------
     0 | D:1      | KennySheep the Demigod Conjurer began the quest for the
                  | Orb.
     0 | D:1      | Reached XP level 1. HP: 14/14 MP: 5/5
   284 | D:1      | Reached XP level 2. HP: 20/20 MP: 4/7
   287 | D:1      | Learned a level 2 spell: Searing Ray
   334 | D:1      | Reached skill level 1 in Translocations
   740 | D:1      | Reached skill level 4 in Conjurations
  1131 | D:2      | Reached XP level 3. HP: 26/26 MP: 6/8
  1597 | D:2      | Noticed Natasha
  1611 | D:2      | Killed Natasha
  1612 | D:2      | Reached XP level 4. HP: 20/33 MP: 5/10
  1661 | D:2      | Learned a level 4 spell: Iskenderun's Mystic Blast
  1818 | D:2      | Noticed Natasha
  2052 | D:2      | Noticed Jessica
  2052 | D:2      | You fall into a shaft and drop 2 floors!
  2151 | D:4      | Noticed a steam dragon
  2169 | D:4      | HP: 1/33 [steam dragon] (9)]
  2169 | D:4      | Slain by a steam dragon

Illustrated notes

Levels and vault maps discovered:
D:1:      dpeg_arrival_pits, layout_loops_cross, kennysheep_crisscross,
          minmay_tetromino_t4
D:2:      layout_basic, nicolae_eternal_life, lexackson_kobold_supper,
          uniq_jessica, uniq_natasha, uniq_crazy_yiuf_cottage
D:4:      layout_layer_cave, minmay_temple_entry_enclosed_plants

Skill      XL: |  1  2  3 |
---------------+----------+-----
Translocations | 1 2 |  2.3
Spellcasting   | 2 |  2.3
Conjurations   | 4 |  4.4
Dodging        | |  1.7
Stealth        | |  1.7

Action                   |  1- 3 |  4- 6 || total
-------------------------+-------+-------++-------
Melee: Unarmed           |     7 |       ||     7
 Cast: Magic Dart        |    88 |    10 ||    98
       Searing Ray       |     2 |     4 ||     6
  Use: Potion            |     1 |       ||     1
Armor: Robe              |     2 |     1 ||     3
Dodge: Dodged            |    15 |     1 ||    16

Table legend: (Time is in decaauts)
 A = Elapsed time spent in this place.
 B = Non-inter-level travel time spent in this place.
 C = Inter-level travel time spent in this place.
 D = Time resting spent in this place.
 E = Time spent auto-exploring this place.
 F = Levels seen in this place.
 G = Mean time per level.
                   A        B        C        D        E       F      G
               +--------+--------+--------+--------+--------+-----+--------+
         Total |   2175 |   2138 |     37 |    368 |   1501 |   3 |  725.0 |
       Dungeon |   2175 |   2138 |     37 |    368 |   1501 |   3 |  725.0 |
               +--------+--------+--------+--------+--------+-----+--------+

Top non-repeatable levels by time:
     D:1: 1142 daAuts
     D:2: 916 daAuts
     D:4: 116 daAuts
